 Seeded DCSS version 0.29-a0-838-g385bb11a5b (webtiles) character file.

Game seed: 8897551386731462229 (custom seed)

1890 wilfster70 the Blocker (level 9, -8/45 HPs)
             Began as a Gargoyle Ice Elementalist on July 13, 2022.
             Was an Initiate of Gozag.
             Mangled by an ice beast (14 damage)
             ... on level 6 of the Dungeon.
             The game lasted 00:19:38 (8240 turns).

wilfster70 the Blocker (Gargoyle Ice Elementalist)  Turns: 8240, Time: 00:19:38

Health: -8/45      AC: 12    Str: 13    XL:     9   Next: 15%
Magic:  14/14      EV: 10    Int: 19    God:    Gozag
Gold:   710        SH: 14    Dex: 10    Spells: 7/14 levels left

rFire   . . .      SeeInvis +   a - +1 trident (venom)
rCold   . . .      Faith    .   f - +4 kite shield of the Evening {+Blink SInv}
rNeg    + . .      Spirit   .   e - +0 robe
rPois   ∞          Reflect  .   (no helmet)
rElec   +          Harm     .   y - +0 cloak
rCorr   .          Rampage  .   g - +2 pair of gloves
Will    .....                   (no boots)
Stlth   ++........              (no amulet)
HPRegen 0.15/turn               (no ring)
MPRegen 0.14/turn               (no ring)

@: gold aura
A: sickness immunity, AC +6, negative energy resistance 1, electricity
resistance, torment resistance 1, petrification resistance
a: Renounce Religion, Evoke Blink, Potion Petition, Call Merchant, Bribe Branch


You were on level 6 of the Dungeon.
You worshipped Gozag.
Gozag was pleased with you.
You visited 1 branch of the dungeon, and saw 6 of its levels.

You collected 811 gold pieces.
You paid 101 gold pieces to Gozag.

Inventory:

Hand Weapons
 a - a +1 trident of venom (weapon)
Missiles
 d - 2 javelins
Armour
 e - a +0 robe (worn)
 f - the +4 kite shield of the Evening (worn) {+Blink SInv}
   (You acquired it on level 1 of the Dungeon)

   SInv:      It lets you see invisible.
   +Blink:    It lets you blink.
 g - a +2 pair of gloves (worn)
 y - a +0 cloak (worn)
Jewellery
 i - a ring of fire
 j - an amulet of the acrobat
 n - a +4 ring of protection
Wands
 h - a wand of digging (6)
 o - a wand of roots (2)
 p - a wand of light (10)
 t - a wand of charming (10)
 u - a wand of flame (11)
Scrolls
 c - 2 scrolls of amnesia
 k - 6 scrolls of teleportation
 l - 5 scrolls of blinking
 A - a scroll of immolation {unknown}
Potions
 b - a potion of magic
 m - 5 potions of curing
 q - a potion of mutation
 r - 4 potions of resistance {unknown}
 s - 2 potions of flight
 v - a potion of invisibility {unknown}
 w - a potion of heal wounds {unknown}
 x - a potion of brilliance {unknown}
 z - a potion of lignification {unknown}
 B - 2 potions of haste {unknown}


   Skills:
 + Level 3.9 Polearms
 - Level 1.5 Dodging
 - Level 2.1 Stealth
 - Level 10.0 Shields
 - Level 3.4 Spellcasting
 - Level 6.0 Ice Magic


You had 7 spell levels left.
You knew the following spells:

 Your Spells              Type           Power      Damage    Failure   Level
a - Freeze                Ice            100%       1d11      2%          1
b - Frozen Ramparts       Ice            52%        1d7       9%          3
c - Ozocubu's Armour      Ice            26%        N/A       9%          3

Your spell library contained the following spells:

 Spells                   Type           Power      Damage    Failure   Level
 Ensorcelled Hibernation  Hex/Ice        28%        N/A       14%         2
 Apportation              Tloc           6%         N/A       32%         1
 Necrotise                Necr           12%        1d4       32%         1
 Summon Small Mammal      Summ           12%        N/A       32%         1
 Passwall                 Tmut/Erth      2%         N/A       43%         2
 Swiftness                Air            3%         N/A       67%         3
 Hailstorm                Conj/Ice       14%        3d5       67%         4


Dungeon Overview and Level Annotations

Branches:
Dungeon (6/15)
 Temple: D:4-7

Altars:
Cheibriados
Fedhas
Gozag
Hepliaklqana
Kikubaaqudgha
Makhleb
Ru
Trog
Xom
The Shining One

Annotations:
D:4 2 transporters, Athor's ghost, novice OpFi
D:5 Blork the orc


Innate Abilities, Weirdness & Mutations

You are immune to sickness and miasma.
Your stone body is resilient. (AC +6)
You are immune to poison.
You resist negative energy. (rN+)
You are resistant to electric shocks. (rElec)
You are resistant to unholy torment.
You are immune to petrification.


Message History

The ice beast hits you. The ice beast freezes you!
* * * LOW HITPOINT WARNING * * *
You block the ice beast's attack.
You are too injured to fight recklessly!
You are too injured to fight recklessly!
You are too injured to fight recklessly!
You are too injured to fight recklessly!
You are too injured to fight recklessly!
You are too injured to fight recklessly!
You are too injured to fight recklessly!
You are too injured to fight recklessly!
You are too injured to fight recklessly!
You are too injured to fight recklessly!
You are too injured to fight recklessly!
You are too injured to fight recklessly!
You are too injured to fight recklessly!
You are too injured to fight recklessly!
You are too injured to fight recklessly!
You are too injured to fight recklessly!
You are too injured to fight recklessly!
You are too injured to fight recklessly!
You are too injured to fight recklessly!
You are too injured to fight recklessly!
You are too injured to fight recklessly!
You hit the ice beast.
The ice beast is severely wounded.
The ice beast hits you but does no damage.
You barely miss the ice beast.
The ice beast is severely wounded.
You block the ice beast's attack.
You barely miss the ice beast.
The ice beast is severely wounded.
You block the ice beast's attack.
You completely miss the ice beast.
The ice beast is severely wounded.
The ice beast hits you.
* * * LOW HITPOINT WARNING * * *
The ice beast freezes you!
You die...
Your body crumbles into a pile of gold.

######..#......_.§≈..§§#
...#.##
........#.#.##...≈§..≈..
.## #.##
..###...#.#.##..≈§..≈§..#
..## ..#
#...#.#.##.§§..≈≈...#
###. ..#
#...#.#.?.§§§..≈≈.#? #.
..# #...#.####.≈..§≈....
#. ..#
#.........§§§.≈≈..# #.
..###.....###.§≈..§≈..#
#.
........####.§§≈@.≈≈..#
... .####...#
#.§§§Y≈≈...# ###.
.##.....#....≈§..≈≈...#
.#####
.##.##.##.##.≈..§≈....#
...... ....##.##
#§§..≈≈._..# .#####
######.# #.≈..≈≈....# #
#.# ..≈≈..≈≈...# # #.#
##..≈§/.≈...# # #.#
#.≈≈..≈§..#


You could see an ice beast.

Vanquished Creatures
  Pikel (D:5)
  2 black bears
  An ogre (D:5)
  An ice beast (D:6)
  A phantom (D:6)
  A centaur (D:6)
  4 lemures (D:5)
  2 kobold brigands (D:6)
  2 scorpions
  4 orc priests
  3 hounds (D:4)
  Crazy Yiuf (D:6)
  An iguana (D:5)
  3 orc wizards
  12 adders
  7 gnolls (D:3)
  2 white imps (D:5)
  3 worms
  2 dart slugs
  30 orcs
  4 bats
  10 endoplasms
  4 giant cockroaches
  3 goblins
  6 hobgoblins
  4 jackals (D:1)
  21 kobolds
  8 ball pythons
  7 frilled lizards
  A rat (D:3)
151 creatures vanquished.

Vanquished Creatures (others)
  2 plants (D:2)
2 creatures vanquished.

Grand Total: 153 creatures vanquished

Notes
Turn   | Place    | Note
-------+----------+-------------------------------------------
     0 | D:1      | wilfster70 the Gargoyle Ice Elementalist began the quest
                  | for the Orb.
     0 | D:1      | Reached XP level 1. HP: 10/10 MP: 3/3
   284 | D:1      | Reached XP level 2. HP: 9/15 MP: 1/5
   545 | D:1      | Identified a scroll of acquirement
   545 | D:1      | Acquired the +4 kite shield of the Evening {+Blink SInv}
   776 | D:1      | Acquired the +8 arc blade {discharge, rElec}
   776 | D:1      | Found the +8 arc blade {discharge, rElec}
  1147 | D:2      | Reached XP level 3. HP: 19/19 MP: 6/6
  1151 | D:2      | Learned a level 3 spell: Frozen Ramparts
  1369 | D:2      | Reached skill level 1 in Shields
  1374 | D:2      | Reached XP level 4. HP: 11/24 MP: 7/7
  1563 | D:2      | Reached skill level 5 in Ice Magic
  1575 | D:2      | HP: 1/24 [hobgoblin (4)]
  2403 | D:2      | Found a faded altar of an unknown god.
  3096 | D:3      | Reached XP level 5. HP: 6/28 MP: 2/9
  3419 | D:3      | Reached skill level 2 in Shields
  3446 | D:3      | Learned a level 3 spell: Ozocubu's Armour
  4000 | D:3      | Found a bloodstained altar of Trog.
  4327 | D:3      | Reached XP level 6. HP: 32/32 MP: 6/10
  4475 | D:3      | Found a shimmering altar of Xom.
  4670 | D:4      | Found a burning altar of Makhleb.
  4756 | D:4      | Found an ancient bone altar of Kikubaaqudgha.
  4760 | D:4      | Found a hazy altar of Hepliaklqana.
  4864 | D:4      | Reached skill level 3 in Shields
  5271 | D:4      | Found a blossoming altar of Fedhas.
  5271 | D:4      | Found a snail-covered altar of Cheibriados.
  5404 | D:4      | Found an opulent altar of Gozag.
  5419 | D:4      | Became a worshipper of Gozag Ym Sagoz the Greedy
  5465 | D:4      | Found a transporter.
  5470 | D:4      | Noticed Athor's ghost (novice OpFi)
  5473 | D:4      | Found a transporter.
  5706 | D:5      | Entered Level 5 of the Dungeon
  5711 | D:4      | Reached skill level 4 in Shields
  5715 | D:5      | Noticed a black bear
  5739 | D:4      | Killed a black bear
  5740 | D:4      | Reached skill level 5 in Shields
  5740 | D:4      | Reached XP level 7. HP: 17/36 MP: 8/12
  6114 | D:5      | Noticed Pikel
  6479 | D:5      | Reached skill level 6 in Shields
  6512 | D:5      | Killed Pikel
  6513 | D:5      | Reached skill level 8 in Shields
  6513 | D:5      | Reached XP level 8. HP: 29/41 MP: 6/13
  6896 | D:5      | Noticed Blork the orc
  7266 | D:6      | Reached skill level 9 in Shields
  7580 | D:6      | Found a runed translucent door.
  7581 | D:6      | Noticed Crazy Yiuf
  7587 | D:6      | Killed Crazy Yiuf
  7698 | D:6      | Reached skill level 10 in Shields
  7698 | D:6      | Reached skill level 1 in Polearms
  7734 | D:6      | Found a sacrificial altar of Ru.
  7764 | D:6      | Reached XP level 9. HP: 27/45 MP: 8/14
  8191 | D:6      | Found a glowing golden altar of the Shining One.
  8240 | D:6      | Mangled by an ice beast

Illustrated notes

Levels and vault maps discovered:
D:1:      lemuel_arrival_behind_the_door_large, layout_basic, minivault_24,
          dreamdust_wishing_well, moated_statue, minmay_hedge_maze
D:2:      layout_basic, dreamdust_ecumenical_altar_grove, eino_tiny_chamber,
          minmay_joined_circles
D:3:      layout_loops_ring, bloody_trog, mainiacjoe_overflow_tiny_flanked,
          minmay_fractal_squares_gapless_5
D:4:      layout_basic, bloody_makhleb, lemuel_crystal_altar,
          gammafunk_temple_overflow_pools, grunt_temple_overflow_open,
          gammafunk_ghost_mausoleum
D:5:      layout_cave_pools, minmay_misc_feat_x, uniq_blork_the_orc, uniq_pikel
D:6:      layout_basic, mainiacjoe_overflow_catch_the_wave,
          minmay_misc_feat_pillars, minivault_24, uniq_crazy_yiuf_cottage

Skill      XL: |  1  2  3  4  5  6  7  8  9 |
---------------+----------------------------+-----
Shields        | 1 2 5 8 10 | 10.0
Ice Magic      | 5 6 |  6.0
Spellcasting   | 3 |  3.4
Polearms       | 2 3 |  3.9
Dodging        | |  1.5
Stealth        | |  2.1

Action                   |  1- 3 |  4- 6 |  7- 9 || total
-------------------------+-------+-------+-------++-------
Melee: Unarmed           |     3 |       |       ||     3
       Dagger            |     8 |    20 |       ||    28
       Rapier            |    30 |    20 |       ||    50
       Spear             |       |    30 |       ||    30
       Trident           |       |    57 |   138 ||   195
 Cast: Freeze            |    23 |    22 |       ||    45
       Frozen Ramparts   |       |    19 |    14 ||    33
       Ozocubu's Armour  |       |       |     2 ||     2
  Use: Scroll            |     6 |    11 |     2 ||    19
       Potion            |       |     1 |       ||     1
 Stab: Sleeping          |       |     1 |       ||     1
Armor: Robe              |    18 |    53 |    65 ||   136
Dodge: Dodged            |    22 |    61 |    56 ||   139
Block: Kite shield       |    22 |   105 |   129 ||   256

Table legend: (Time is in decaauts)
 A = Elapsed time spent in this place.
 B = Non-inter-level travel time spent in this place.
 C = Inter-level travel time spent in this place.
 D = Time resting spent in this place.
 E = Time spent auto-exploring this place.
 F = Levels seen in this place.
 G = Mean time per level.
                   A        B        C        D        E       F      G
               +--------+--------+--------+--------+--------+-----+--------+
         Total |   8354 |   7927 |    427 |   2500 |   3126 |   6 | 1392.3 |
       Dungeon |   8354 |   7927 |    427 |   2500 |   3126 |   6 | 1392.3 |
               +--------+--------+--------+--------+--------+-----+--------+

Top non-repeatable levels by time:
     D:2: 2356 daAuts
     D:4: 1543 daAuts
     D:3: 1220 daAuts
     D:1: 1135 daAuts
     D:6: 1096 daAuts
     D:5: 1002 daAuts
